Map: Ulrena

Players

Has

  • Race: Protoss Protoss

Elazer - Winner!

  • Race: Zerg Zerg

Event: DreamHack Open Tours WCS Spring Championship

VOD

Have the link to the VOD?

Description

Time

  • Played on: May 15, 2016, 7:13 a.m.
  • Length: 8:44

All games in this series

Show
View Real Time Build Order
Export as new Build Order

Has Protoss 

Build Orders:  

Get SALT Encoding   

  12  0:00  Probe (Chrono Boost)  
  13  0:11  Probe (Chrono Boost)  
  14  0:17  Pylon  
  14  0:22  Probe (Chrono Boost)  
  16  0:35  Probe (Chrono Boost)  
  16  0:37  Gateway  
  16  0:46  Probe (Chrono Boost)  
  16  0:47  Assimilator  
  17  0:56  Probe (Chrono Boost)  
  18  1:07  Probe (Chrono Boost)  
  18  1:10  Gateway  
  19  1:17  Probe (Chrono Boost)  
  20  1:28  Probe (Chrono Boost), Cybernetics Core  
  21  1:36  Pylon  
  21  1:39  Probe (Chrono Boost)  
  22  1:49  Probe (Chrono Boost)  
  25  1:54  Zealot (Chrono Boost)  
  25  2:06  Mothership Core (Chrono Boost)  
  27  2:14  Warp Gate  
  27  2:22  Nexus  
  27  2:25  Probe (Chrono Boost)  
  28  2:37  Probe (Chrono Boost), Assimilator  
  28  2:44  Pylon, Adept  
  28  2:47  Probe (Chrono Boost)  
  31  3:02  Probe (Chrono Boost)  
  32  3:10  Twilight Council  
  32  3:12  Probe, Stalker (Chrono Boost)  
  35  3:24  Probe  
  36  3:30  Gateway  
  36  3:36  Probe  
  36  3:38  Probe  
  38  3:47  Resonating Glaives (Chrono Boost)  
  38  3:49  Probe x2  
  38  3:57  Pylon  
  38  3:59  Probe  
  38  4:01  Probe  
  40  4:06  Gateway  
  38  4:10  Probe  
  38  4:13  Probe  
  40  4:20  Probe  
  41  4:25  Probe, Adept x2  
  41  4:31  Probe, Gateway  
  45  4:37  Adept  
  48  4:40  Probe  
  48  4:44  Probe, Pylon  
  50  4:51  Stargate  
  50  4:54  Stargate  
  50  4:58  Adept x2  
  54  5:02  Adept  
  54  5:04  Probe (Chrono Boost)  
  54  5:05  Probe (Chrono Boost)  
  58  5:13  Adept  
  60  5:16  Pylon  
  60  5:19  Probe (Chrono Boost)  
  60  5:21  Assimilator  
  61  5:22  Probe (Chrono Boost)  
  61  5:26  Adept x2  
  66  5:32  Pylon  
  66  5:33  Adept  
  68  5:37  Phoenix  
  70  5:54  Probe x2 (Chrono Boost)  
  64  5:58  Adept  
  64  5:59  Adept  
  65  6:04  Probe x2 (Chrono Boost)  
  67  6:13  Adept x3  
  67  6:15  Probe x2 (Chrono Boost), Phoenix  
  67  6:25  Probe x2 (Chrono Boost)  
  67  6:26  Adept x2  
  71  6:36  Probe (Chrono Boost)  
  71  6:37  Adept x3  
  76  6:43  Probe (Chrono Boost)  
  76  6:46  Probe (Chrono Boost)  
  74  6:53  Probe (Chrono Boost)  
  73  6:57  Probe (Chrono Boost)  
  68  7:04  Adept x5  
  79  7:08  Probe (Chrono Boost)  
  79  7:15  Probe (Chrono Boost)  
  72  7:18  Assimilator  
  72  7:19  Probe (Chrono Boost)  
  72  7:20  Phoenix (Chrono Boost)  
  75  7:28  Adept x4  
  83  7:30  Adept  
  85  7:37  Pylon x2  
  83  7:52  Phoenix (Chrono Boost)  
  83  7:55  Pylon, Phoenix (Chrono Boost)  
  87  7:58  Pylon  
  87  8:11  Nexus  
  87  8:16  Adept x3  
  79  8:25  Adept x2  
  67  8:38  Adept x3  
Show
View Real Time Build Order
Export as new Build Order

Elazer Zerg - Winner!

Build Orders: Pool First 

Get SALT Encoding   

  12  0:00  Drone  
  13  0:13  Overlord  
  13  0:17  Drone  
  14  0:31  Drone x2  
  14  0:35  Drone  
  17  0:38  Extractor  
  16  0:45  Drone  
  17  0:50  Spawning Pool  
  17  0:56  Drone  
  17  1:07  Drone  
  18  1:21  Drone  
  19  1:25  Hatchery  
  18  1:37  Queen  
  20  1:43  Metabolic Boost  
  20  1:51  Overlord  
  20  2:04  Drone  
  21  2:13  Queen  
  23  2:25  Hatchery  
  23  2:29  Drone  
  23  2:30  Drone  
  23  2:33  Drone  
  25  2:37  Drone  
  26  2:45  Drone x2  
  26  2:47  Drone  
  26  2:49  Zergling x2  
  30  2:58  Overlord  
  30  3:00  Drone  
  30  3:02  Drone  
  32  3:19  Drone x2  
  35  3:20  Drone  
  35  3:23  Pneumatized Carapace  
  35  3:27  Zergling x2  
  35  3:28  Zergling x6  
  35  3:31  Overlord  
  39  3:34  Queen  
  39  3:41  Drone x3  
  43  3:42  Drone  
  43  3:45  Drone  
  45  3:52  Drone  
  45  3:53  Drone x2  
  47  4:01  Drone x3  
  50  4:06  Overlord  
  50  4:08  Drone  
  50  4:12  Drone  
  50  4:16  Drone x2  
  51  4:20  Drone x2  
  51  4:22  Baneling Nest  
  51  4:23  Evolution Chamber, Drone  
  51  4:33  Zergling x2  
  51  4:34  Zergling x8  
  51  4:36  Overlord  
  56  4:40  Zergling x4  
  56  4:43  Spine Crawler  
  57  4:48  Zergling x4  
  57  4:50  Zerg Melee Weapons Level 1, Zergling x2  
  60  4:59  Overlord  
  60  5:03  Extractor  
  60  5:05  Drone x3  
  62  5:08  Spine Crawler  
  62  5:09  Baneling x2  
  62  5:12  Baneling  
  62  5:13  Drone  
  62  5:14  Drone x7  
  65  5:15  Drone  
  65  5:17  Overlord, Extractor  
  65  5:18  Queen x2  
  74  5:33  Overlord  
  74  5:35  Lair, Extractor  
  73  5:37  Spore Crawler  
  73  5:39  Baneling x2  
  73  5:41  Zergling x14  
  79  5:43  Baneling  
  79  5:45  Zergling x8  
  79  5:47  Baneling  
  83  5:52  Zergling x4  
  83  5:53  Baneling  
  83  5:57  Queen x2  
  81  5:59  Overlord  
  77  6:17  Zergling x16  
  71  6:32  Queen  
  71  6:33  Queen  
  71  6:39  Queen  
  71  6:40  Roach Warren  
  71  6:41  Zergling x14  
  71  6:47  Zergling x8  
  73  6:58  Zergling x10  
  73  6:59  Zergling x2  
  67  7:10  Nydus Network  
  63  7:18  Queen  
  63  7:21  Queen  
  67  7:26  Roach  
  67  7:29  Roach  
  68  7:36  Baneling x3  
  68  7:37  Baneling x3  
  68  7:38  Roach  
  68  7:42  Roach  
  72  7:45  Roach  
  74  7:54  Nydus Canal  
  74  7:59  Roach x3  
  78  8:13  Roach  
  78  8:14  Roach x3  
  78  8:18  Roach  

Tags
 
Add a new tag
Caveats
  • Supply blocks, unpowered buildings, or Contaminate may cause inaccurate times.
  • Supply counts are checked every 10 seconds.